← All builds
Geo / Armada / Economy first / OBSERVED BUILD

Standard geo

Armada Geo build order · Supreme Isthmus

Standard Geo economy into T2 constructor and Starlight/Jaguar units sent to front as usual, with support built for teammates along the way.

Usually blows up the commander for T2 (72%)

#eco #t2 #team support · 1331 distinct matches · 235 players · 55% of Armada Geo games · team won 55% of 1552 · Recently observed

HOW TO PLAY IT

Key timing: T2 constructor by 4:55

  1. Open 2 mex and wind, then Bot Lab by 0:35.
  2. Rush geothermal powerplant to fund T2 ahead of other roles.
  3. Get T2 constructor out to start building T2 units.
  4. Add Vehicle Plant and Advanced Geothermal for the T2 push.
  5. Fly first Starlight to front with a transport from Air.

Phase by phase

TYPICAL OF ITS 1331 GAMES
  1. 1
  2. 2
  3. 3
  4. 4
PLAY THE OPENING

Follow the example game's first 6:00 step by step: what to build now, what comes next, and where it goes. At 1× it keeps pace with your own game.

  1. 1

    Up to the Bot Lab

    Economy
    • Metal Extractor3Mex
    • Wind Turbine4Wind
    Order
    1. Bot LabBot Lab after 3 mex, 4 winddone ~1:12, middle half 0:58–1:21

    By 0:55 in all: 3 mex · 4 wind

    The example game in this phase · 7 steps
    1. Mex ×2
    2. Wind ×2
    3. SentrySentry
    4. Mex
    5. Wind ×3
    6. Energy storage
    7. Bot LabBot Labdone 1:55 · typical 1:12
  2. 2

    Bot Lab to 5:00

    Economy
    • Metal Extractor2Mex
    • Wind Turbine3Wind
    • Energy Converter8Converter
    • Energy Storage1Energy storage
    Order
    1. Geothermal PowerplantGeo after 4 mex, 5 wind, 1 energy storage
    2. Bot LabEat Bot Lab
    Builders
    • Construction Turret5 Con turret
    • Lazarus4 Lazarus
    • Construction Bot2 Con bot
    • Construction Bot1 Con bot for allies
    • Lazarus1 Lazarus for allies

    By 5:00 in all: 4 mex · 7 wind · 1 geo · 8 converter · 1 energy storage · 5 con turret

    The example game in this phase · 17 steps
    1. LazarusLazarus
    2. LazarusLazarusfor Beach sea
    3. LazarusLazarus ×3
    4. Construction BotCon bot
    5. Construction BotCon botfor Beach sea
    6. Construction BotCon bot ×2
    7. Mex
    8. LazarusLazarus
    9. Geothermal PowerplantGeodone 4:19 · typical 3:29
    10. Bot LabEat Bot Labreclaimed for its metal
    11. Converter
    12. Wind ×2
    13. Converter ×4
    14. Con turret
    15. Converter ×2
    16. Metal storage
    17. Con turret ×2
  3. 3

    5:00 to Vehicle Plant

    Order
    1. Advanced Geothermal PowerplantAdvanced Geothermal Powerplant after 8 wind, 10 converter, 6 con turretin 57% of games
    2. Vehicle PlantVehicle Plant after 9 wind, 10 converter, 6 con turretdone ~7:06, middle half 6:39–7:32

    Some games also: con turret (49%) · converter (49%) · wind (41%)

    By 6:56 in all: 4 mex · 9 wind · 1 geo · 1 Advanced Geothermal Powerplant · 10 converter · 1 energy storage

    The example game in this phase · 9 steps
    1. Advanced Metal ExtractorT2 mexdone 5:56 · typical 5:38
    2. Con turret
    3. Advanced Metal ExtractorT2 mex
    4. Con turret
    5. Advanced Metal ExtractorT2 mex
    6. Con turret
    7. Advanced Geothermal PowerplantAdvanced Geothermal Powerplantdone 7:10 · typical 7:10
    8. Advanced Metal ExtractorT2 mex
    9. Vehicle PlantVehicle Plantdone 7:16 · typical 7:06
  4. 4

    Vehicle Plant to 10:00

    Economy
    • Wind Turbine5Wind
    • Energy Converter4Converter
    Order
    1. Advanced Vehicle PlantAdvanced Vehicle Plant after 10 wind, 11 converter, 6 con turret
    2. Vehicle PlantEat Vehicle Plant
    Builders
    • Construction Vehicle1 Con vehicle
    • Advanced Construction Vehicle1 T2 con vehicle for allies
    Army
    • Starlight2 Starlight
    • Umbra1 Jammer
    • Prophet1 Radar vehicle

    Some games also: con turret (48%) · Jaguar (36%)

    By 10:00 in all: 4 mex · 18 wind · 1 geo · 1 Advanced Geothermal Powerplant · 16 converter · 1 energy storage

    The example game in this phase · 86 steps
    1. Construction VehicleCon vehicle
    2. Converter
    3. Advanced Vehicle PlantAdvanced Vehicle Plantdone 7:55 · typical 8:01
    4. Converter ×2
    5. Vehicle PlantEat Vehicle Plantreclaimed for its metal
    6. Converter ×3
    7. Advanced Construction VehicleT2 con vehiclefor Front
    8. Converter ×2
    9. JaguarJaguar
    10. Converter
    11. JaguarJaguar
    12. Converter
    13. JaguarJaguar
    14. Converter
    15. StarlightStarlightdone 8:51 · typical 9:03
    16. Converter ×5
    17. StarlightStarlight
    18. Converter ×4
    19. StarlightStarlight
    20. Converter ×3
    21. UmbraJammer
    22. Converter
    23. ProphetRadar vehicle
    24. Advanced Construction VehicleT2 con vehicle
    25. UmbraJammer
    26. AmbassadorAmbassadordone 10:24
    27. Wind ×2
    28. AmbassadorAmbassador
    29. Wind ×7
    30. JaguarJaguar
    31. Converter
    32. Wind
    33. JaguarJaguar
    34. Wind ×5
    35. JaguarJaguar
    36. Converter
    37. Wind ×3
    38. JaguarJaguar
    39. Wind
    40. Radar TowerRadar Tower
    41. Wind
    42. Converter
    43. SentrySentry
    44. JaguarJaguar
    45. SentrySentry
    46. Wind
    47. Fusion ReactorFusionnot finished by 15:00
    48. StarlightStarlight
    49. Wind
    50. SentrySentry ×2
    51. Vehicle PlantVehicle Plantdone 12:08
    52. Wind
    53. StarlightStarlight
    54. Wind
    55. RoverScout ×4
    56. Con turret
    57. RoverScout
    58. Wind
    59. RoverScout
    60. Converter
    61. StarlightStarlight
    62. RoverScout ×2
    63. Wind
    64. RoverScout
    65. Wind
    66. RoverScout ×2
    67. Wind
    68. RoverScout ×3
    69. Wind
    70. RoverScout ×2
    71. StarlightStarlight
    72. Wind
    73. RoverScout ×3
    74. Con turret
    75. RoverScout
    76. Converter
    77. RoverScout ×4
    78. ProphetRadar vehicle
    79. Advanced Construction VehicleT2 con vehicle
    80. AmbassadorAmbassador
    81. RoverScout
    82. ShredderShredderdone 14:10
    83. RoverScout
    84. Con turret
    85. RoverScout
    86. Mex ×2

Counts are medians over the build's games: half of them build more, half fewer. The example game is FrontLiner69er's (32 OS, 29/09/2026); pick another.

Team trades

IN AT LEAST 30% OF ITS GAMES

You hand over

  • Lazarus1 Lazarus to Beach seafirst at 2:17 · in 75% of games
  • Construction Bot1 Con bot to Beach seafirst at 2:27 · in 87% of games
  • Advanced Construction Vehicle1 T2 con vehicle to Suicide front or Frontfirst at 8:48 · in 63% of games

You get

  • Advanced Construction Bot1 T2 con bot from Techfirst at 4:52 · in 94% of games

How it plays out

Typical game of this build, running totals by minute

Metal produced

020k40k
0:005:0010:0015:00

metal

Enemy metal destroyed

05k10k15k
0:005:0010:0015:00

metal

Own metal lost

02k4k6k
0:005:0010:0015:00

metal

1552 games.

Show as table
ByMetal produced: This buildEnemy metal destroyed: This buildOwn metal lost: This build
1:0033300
2:0085900
3:00152700
4:00267100
5:00369400
6:00563800
7:00802300
8:001134500
9:00144074384
10:0017278479200
11:00201201748520
12:002299236211607
13:002573459102971
14:002858382484426
15:0031354102055580
WHAT THE NUMBERS SAY

Standard Geo play wins about half its games while destroying the most enemy metal by 15:00 among the roles shown here.

  • + Enemy metal destroyed jumps to 10560 by 15:00, highest of all six builds.
  • + Starlight makes up 34% of army, delivering the long-range T2 push.
  • − Own metal lost reaches 5977 by 15:00 from the aggressive T2 push.
  • − First Starlight only arrives in 60% of games, a late or inconsistent push.
THE EXAMPLE YOU ARE READING

FrontLiner69er

32.4 OS · 29/09/2026

Open source match ↗

4 received units · includes a constructor
2836 metal received · 130788 energy received

Allied construction assistance is unknown. Timings are observations, not a promise of solo reproducibility.

Typical milestones

Bot Lab1:12Middle 50%: 0:58–1:21 · n=1551
Geothermal Powerplant3:29Middle 50%: 3:13–3:47 · n=1543
Advanced Metal Extractor5:38Middle 50%: 5:21–6:01 · n=1543
Vehicle Plant7:06Middle 50%: 6:39–7:32 · n=1500
Advanced Geothermal Powerplant7:10Middle 50%: 6:51–7:41 · n=1123
Advanced Vehicle Plant8:01Middle 50%: 7:40–8:33 · n=1435
Starlight9:03Middle 50%: 8:32–9:46 · n=1296

Played most by

0neTw0120games of this buildzeus_on_god118games of this buildXad53games of this buildTheGeneraI46games of this buildViltrum41games of this build